 Dungeon Crawl Stone Soup version 0.31-a0-321-g19405a7a6a (webtiles) character file.

Game seed: 6878582695199715421

844 ragingrage the Ruffian (level 6, -1/62 HPs)
             Began as a Troll Shapeshifter on July 17, 2023.
             Was a Follower of Ru.
             Slain by a sky beast (6 damage)
             ... on level 6 of the Dungeon.
             The game lasted 00:03:59 (4358 turns).

ragingrage the Ruffian (Troll Shapeshifter)         Turns: 4358, Time: 00:04:00

Health: -1/62      AC:  4    Str: 26    XL:     6   Next: 68%
Magic:  0/5        EV:  9    Int:  4    God:    Ru [*.....]
Gold:   14         SH:  0    Dex: 10    Spells: 5/5 levels left

rFire   . .          .
                       - Unarmed
rCold   . . .        (no shield)
rNeg    . . .        a - +0 animal skin
rPois   +            (helmet currently unavailable)
rElec   .            (cloak currently unavailable)
rCorr   .            (gloves unavailable)
SInv    .            (boots unavailable)
Will    .....        f - amulet of guardian spirit
Stlth   +            v - ring of poison resistance
HPRegen 1.10/turn    (no ring)
MPRegen 0.09/turn

%: guardian spirit
@: beast-form
A: beast (slay +2), large, unfitting armour, claws 3, regeneration 1, shaggy fur
1, tough skin 1, inexperienced 1
a: Begin Untransformation, Renounce Religion


You were on level 6 of the Dungeon.
You worshipped Ru.
Ru was aware of your devotion.
You were a hulking beast.
You visited 1 branch of the dungeon, and saw 6 of its levels.

You collected 274 gold pieces.
You spent 260 gold pieces at shops.

Inventory:

Missiles
 j - 2 poisoned darts
 u - a throwing net
Armour
 a - a +0 animal skin (worn)
 l - a +0 hat
Jewellery
 f - an amulet of guardian spirit (around neck)
 v - a ring of poison resistance (left claw)
Talismans
 c - a beast talisman
Wands
 p - a wand of digging (12)
 t - a wand of polymorph (3)
Scrolls
 g - 5 scrolls of identify
 k - a scroll of enchant armour
 n - a scroll of immolation {unknown}
 r - a scroll of teleportation
 s - a scroll of summoning {unknown}
 w - a scroll of fog
 x - a scroll of enchant weapon {unknown}
Potions
 b - a potion of lignification
 d - 2 potions of curing
 e - a potion of might {unknown}
 h - 2 potions of attraction {unknown}
 i - 2 potions of brilliance {unknown}
 m - a potion of heal wounds {unknown}
 o - a potion of haste {unknown}
 q - a potion of mutation {unknown}
 z - a potion of resistance {unknown}
 A - a potion of magic {unknown}
 B - a potion of ambrosia {unknown}


   Skills:
 + Level 3.8 Fighting
 - Level 1.6 Dodging
 + Level 7.8 Unarmed Combat
 - Level 3.0 Shapeshifting


You had 5 spell levels left.
You didn't know any spells.
Your spell library contained the following spells:

 Spells                   Type           Power      Damage    Failure   Level
 Call Canine Familiar     Summ           0%         N/A       86%         3
 Portal Projectile        Hex/Tloc       0%         N/A       86%         3
 Leda's Liquefaction      Hex/Erth       0%         N/A       99%         4
 Haunt                    Necr/Summ      0%         N/A       100%        7
 Borgnjor's Revivificati  Necr           0%         N/A       100%        8
 Death's Door             Necr           0%         N/A       100%        9


Dungeon Overview and Level Annotations

Branches:
Dungeon (6/15)
 Temple: D:4-7

Altars:
Ru
Xom
Yredelemnul
Zin

Shops:
D:5 =

Annotations:
D:6 Maggie


Innate Abilities, Weirdness & Mutations

You are a hulking beast.
Your limbs bulge with bestial killing power. (Slay +2)
You are too large for most types of armour.
You have claws for hands.
Your natural rate of healing is unusually fast.
You are covered in fur. (AC +1)
You have tough skin. (AC +1)
You are somewhat inexperienced. (-1 XL)


Message History

You are too injured to fight recklessly!
You are too injured to fight recklessly!
You are too injured to fight recklessly!
You are too injured to fight recklessly!
You are too injured to fight recklessly!
You are too injured to fight recklessly!
You miss something.
The black bear bites you but does no damage.
The black bear barely misses you. The black bear claws you.
Something hits you but does no damage.
You closely miss something. The black bear barely misses you.
The black bear claws you but does no damage.
The black bear barely misses you. Something hits you. Something shocks you.
You barely miss something. The black bear bites you.
The black bear barely misses you.
The black bear claws you but does no damage.
Something hits you but does no damage.
You barely miss something. The black bear bites you.
The black bear claws you. x2
Something hits you. Something shocks you.
You claw something! The black bear bites you.
The black bear claws you but does no damage.
The black bear claws you.
* * * LOW HITPOINT WARNING * * *
Something hits you but does no damage.
You barely miss the black bear. You claw the black bear!
The black bear goes berserk!
Something hits you.
* * * LOW HITPOINT WARNING * * *
Something shocks you.
* * * LOW HITPOINT WARNING * * *
You barely miss the black bear. The black bear barely misses you.
The black bear claws you.
* * * LOW HITPOINT WARNING * * *
The black bear claws you.
* * * LOW HITPOINT WARNING * * *
Something hits you.
* * * LOW HITPOINT WARNING * * *
Something shocks you.
You die...

##.####
#.....####
#.........#
#.###...... #.#
###..# #.# .# .
#.# # ....#####.#
......hh{.#
................
..........######.
####........ ...
#.....?### #.#
#......# #.#.#
####+#.# #.#.#
#.#.# #.#.#
#.#.#####.#.#


You could see a black bear (berserk).

Vanquished Creatures
  An ice beast (D:5)
  A centaur (D:5)
  A scorpion (D:5)
  4 hounds
  2 jellies (D:3)
  2 orc priests (D:3)
  2 sleepcaps
  Ijyb (D:4)
  Natasha (thrice) (D:3)
  An iguana (D:6)
  2 orc wizards (D:3)
  4 gnolls
  3 adders
  A dart slug (D:2)
  7 orcs
  2 bats
  3 endoplasms
  2 giant cockroaches
  9 goblins
  5 hobgoblins
  6 jackals
  6 quokkas
  10 ball pythons
  3 frilled lizards
  7 kobolds
  A rat (D:2)
89 creatures vanquished.

Vanquished Creatures (others)
  A goblin (D:3)
1 creature vanquished.

Grand Total: 90 creatures vanquished

Notes
Turn   | Place    | Note
-------+----------+-------------------------------------------
     0 | D:1      | ragingrage the Troll Shapeshifter began the quest for the
                  | Orb.
     0 | D:1      | Reached XP level 1. HP: 19/19 MP: 0/0
   150 | D:1      | Reached skill level 3 in Unarmed Combat
   150 | D:1      | Reached XP level 2. HP: 19/27 MP: 1/1
   228 | D:1      | Found a faded altar of an unknown god.
   436 | D:1      | Reached XP level 3. HP: 33/33 MP: 2/2
   717 | D:2      | Found a glowing silver altar of Zin.
  1050 | D:2      | Reached skill level 4 in Unarmed Combat
  1315 | D:2      | Reached XP level 4. HP: 41/41 MP: 3/3
  1438 | D:3      | Reached skill level 5 in Unarmed Combat
  1443 | D:3      | Reached XP level 5. HP: 36/48 MP: 2/4
  1557 | D:3      | Found a shimmering altar of Xom.
  1763 | D:3      | Noticed Natasha
  1774 | D:3      | Killed Natasha
  1775 | D:3      | Reached skill level 6 in Unarmed Combat
  1842 | D:3      | Noticed Natasha
  1845 | D:3      | Killed Natasha
  2036 | D:3      | Noticed Natasha
  2049 | D:3      | Killed Natasha
  2050 | D:3      | Reached XP level 6. HP: 44/55 MP: 2/5
  2537 | D:3      | Found a sacrificial altar of Ru.
  2599 | D:3      | Became a worshipper of Ru the Awakened
  3097 | D:4      | Noticed Ijyb
  3102 | D:4      | Killed Ijyb
  3221 | D:4      | Found a basalt altar of Yredelemnul.
  3238 | D:5      | Entered Level 5 of the Dungeon
  3297 | D:5      | Reached skill level 7 in Unarmed Combat
  3392 | D:5      | Noticed an ice beast
  3470 | D:5      | Gained mutation: You are somewhat inexperienced. (-1 XL)
                  | [Ru sacrifice]
  3470 | D:5      | Reached XP level 5. HP: 50/50 MP: 4/4
  3470 | D:5      | Reached * piety under Ru
  3603 | D:5      | Found Ycvo's Jewellery Boutique.
  3688 | D:5      | Reached XP level 6. HP: 52/59 MP: 5/5
  3800 | D:5      | Bought a ring of poison resistance for 260 gold pieces
  4161 | D:6      | Noticed Maggie
  4358 | D:6      | Slain by a sky beast

Illustrated notes

Levels and vault maps discovered:
D:1:      sevenhm_arrival_forest_fort_small_3, layout_loops_ring,
          dreamdust_ecumenical_altar_statues
D:2:      layout_basic, basic_altar
D:3:      layout_basic, nicolae_ru_path_of_blood, dk_xom_monty_hall,
          uniq_natasha
D:4:      layout_cave_pools, lemuel_tele_altar, uniq_ijyb
D:5:      layout_gridville, serial_shops, shop
D:6:      layout_basic, serial_corexii_hall, corexii_hall_statues_s,
          chequers_hall_statues_wall_a, corexii_hall_statues_s, uniq_maggie

Skill      XL: |  1  2  3  4  5  6 |
---------------+-------------------+-----
Unarmed Combat | 3 4 5 6 7 |  7.8
Fighting       | 3 |  3.8
Dodging        | |  1.6
Shapeshifting  | |  3.0

Action                     |  1- 3 |  4- 6 || total
---------------------------+-------+-------++-------
  Melee: Unarmed           |    66 |   141 ||   207
         Punch             |     1 |     5 ||     6
 Invoke: Sacrifice Experie |       |     1 ||     1
    Use: Potion            |       |     1 ||     1
         Scroll            |       |     4 ||     4
 Armour: Animal skin       |    15 |    48 ||    63
  Dodge: Dodged            |    39 |    69 ||   108

Table legend: (Time is in decaauts)
 A = Elapsed time spent in this place.
 B = Non-inter-level travel time spent in this place.
 C = Inter-level travel time spent in this place.
 D = Time resting spent in this place.
 E = Time spent auto-exploring this place.
 F = Levels seen in this place.
 G = Mean time per level.
                   A        B        C        D        E       F      G
               +--------+--------+--------+--------+--------+-----+--------+
         Total |   4336 |   4027 |    309 |    195 |   3162 |   6 |  722.7 |
       Dungeon |   4336 |   4027 |    309 |    195 |   3162 |   6 |  722.7 |
               +--------+--------+--------+--------+--------+-----+--------+

Top non-repeatable levels by time:
     D:3: 1252 daAuts
     D:5: 945 daAuts
     D:2: 745 daAuts
     D:1: 677 daAuts
     D:4: 546 daAuts
     D:6: 169 daAuts
